 Dungeon Crawl Stone Soup version 0.25.1-11-g244df3a29b (webtiles) character file.

Game seed: 9285974716728834812

2299243 DeepDeath the Conqueror (level 27, 273/273 HPs)
             Began as a Hill Orc Fighter on Jan 13, 2024.
             Was the Champion of Qazlal.
             Escaped with the Orb
             ... and 4 runes on Jan 15, 2024!
             The game lasted 06:42:43 (79748 turns).

DeepDeath the Conqueror (Hill Orc Fighter)         Turns: 79748, Time: 06:42:43

Health: 273/273    AC: 46    Str: 26    XL:     27
Magic:  35/35      EV: 18    Int:  8    God:    Qazlal [******]
Gold:   221        SH:  8    Dex: 16    Spells: 26/26 levels left

rFire    + + +     SeeInvis +   r - +8 trident of the Octopus King {venom, rElec rPois MR+}
rCold    + . .     Gourm    .   (no shield)
rNeg     + + .     Faith    .   m - +0 gold dragon scales
rPois    +         Spirit   .   l - +2 hat {SInv}
rElec    +         Reflect  .   E - +4 dragonskin cloak
rCorr    +         Harm     .   z - +3 pair of gauntlets of War {Slay+5}
MR       ++++.                  d - +2 pair of boots of Xyutige {rElec Slay+2}
Stlth    ..........             D - amulet of Atheism {rElec rF+ Regen+}
HPRegen  0.95/turn              (no ring)
MPRegen  0.24/turn              J - ring of Circularity {rF+ rN++ MR+}

@: repel missiles
A: horns 1, iridescent scales 1, blurry vision 2, deterioration 2, screaming 1,
no potion heal 1, MP-powered wands
0: Orb of Zot
}: 4/15 runes: decaying, slimy, silver, gossamer
a: Upheaval, Elemental Force, Disaster Area, Renounce Religion


You escaped.
You worshipped Qazlal.
Qazlal was exalted by your worship.
You were completely stuffed.

You visited 12 branches of the dungeon, and saw 58 of its levels.
You also visited: Trove and Gauntlet.

You collected 10875 gold pieces.
You spent 10654 gold pieces at shops.

Inventory:

Hand Weapons
 a - a +9 antimagic halberd
 q - the +3 arbalest "Waw Cec" {elec, +Fly rN+ Str+3 Int+2}
   (You took it off a minotaur in a Gauntlet)

   It charges the ammunition it shoots with electricity; occasionally upon a
   hit, such missiles may discharge and cause terrible harm.
   It affects your strength (+3).
   It affects your intelligence (+2).
   It protects you from negative energy.
   It lets you fly.
 r - the +8 trident of the Octopus King (weapon) {venom, rElec rPois MR+}
   (You took it off a deep elf sorcerer on level 3 of the Elven Halls)

   It poisons the flesh of those it strikes.
   It insulates you from electricity.
   It protects you from poison.
   It affects your resistance to hostile enchantments.
 v - the +7 battleaxe of Defenestration {vamp, Str+5}
   (You bought it in a shop on level 2 of the Orcish Mines)

   It inflicts no extra harm, but heals its wielder when it wounds a living foe.
   It affects your strength (+5).
 w - the +7 demon trident of the Singing Jester {vorpal, rC+++ Dex+7}
   (You found it on level 8 of the Dungeon)

   It inflicts extra damage upon your enemies.
   It affects your dexterity (+7).
   It renders you almost immune to cold.
 Q - the +5 arbalest "Olecw" {penet, rC+ Stlth+}
   (You found it on level 4 of the Vaults)

   Ammo fired by it will pass through the targets it hits, potentially hitting
   all targets in its path until it reaches maximum range.
   It protects you from cold.
   It makes you more stealthy.
Missiles
 x - 1603 bolts
 N - 3 throwing nets
 S - 26 silver javelins (quivered)
 Z - 30 curare-tipped darts
Armour
 d - the +2 pair of boots of Xyutige (worn) {rElec Slay+2}
   (You found it in a treasure trove)

   It affects your accuracy and damage with ranged weapons and melee attacks
   (+2).
   It insulates you from electricity.
 l - a +2 hat of see invisible (worn)
 m - +0 gold dragon scales (worn)
 z - the +3 pair of gauntlets of War (worn) {Slay+5}
   (You acquired it on level 11 of the Dungeon)

   It affects your accuracy and damage with ranged weapons and melee attacks
   (+5).
 C - the +3 crystal plate armour of the Kangaroo {MR+}
   (You found it in a treasure trove)

   It affects your resistance to hostile enchantments.
 E - the +4 dragonskin cloak (worn)
   (You took it off Tiamat on level 4 of the Realm of Zot)
Jewellery
 i - an uncursed ring of resist corrosion
 D - the amulet of Atheism (around neck) {rElec rF+ Regen+}
   (You found it on level 3 of the Crypt)

   [amulet of regeneration]

   It protects you from fire.
   It insulates you from electricity.
   It increases your rate of regeneration.
 G - the ring of Yredelemnul's Envy {Wiz +Fly rF+++ rC- Dex-3}
   (You found it on level 3 of the Elven Halls)

   [ring of wizardry]

   It improves your spell success rate.
   It affects your dexterity (-3).
   It renders you almost immune to fire.
   It makes you vulnerable to cold.
   It lets you fly.
 J - the ring of Circularity (right hand) {rF+ rN++ MR+}
   (You acquired it on level 3 of the Realm of Zot)

   [ring of protection from magic]

   It protects you from fire.
   It greatly protects you from negative energy.
   It affects your resistance to hostile enchantments.
 K - the ring "Cagakheu" {rC+ rN+ Int+3}
   (You found it on level 3 of the Crypt)

   [ring of positive energy]

   It affects your intelligence (+3).
   It protects you from cold.
   It protects you from negative energy.
 O - the ring of Undoing {rPois rC+ rN++ Str-5 Int+4}
   (You bought it in a shop on level 5 of the Vaults)

   [ring of protection from cold]

   It affects your strength (-5).
   It affects your intelligence (+4).
   It protects you from cold.
   It protects you from poison.
   It greatly protects you from negative energy.
Wands
 k - a wand of disintegration (63)
 p - a wand of iceblast (28)
 B - a wand of enslavement (17)
 H - a wand of paralysis (51)
 P - a wand of digging (15)
 U - a wand of clouds (3)
Scrolls
 e - 2 scrolls of silence
 g - 7 scrolls of fear
 n - 10 scrolls of fog
 o - 2 scrolls of magic mapping
 s - 3 scrolls of holy word
 t - 29 scrolls of teleportation
 y - 5 scrolls of blinking
 I - 18 scrolls of remove curse
 T - 4 scrolls of summoning
 W - 10 scrolls of identify
Potions
 b - 12 potions of heal wounds
 c - 12 potions of curing
 j - 6 potions of cancellation
 F - 2 potions of invisibility
 M - 7 potions of resistance
 R - a potion of berserk rage
 V - 5 potions of ambrosia
 Y - 6 potions of flight
Miscellaneous
 u - a phial of floods
 A - a box of beasts
 L - 7 phantom mirrors
 X - a lightning rod (4/4)
Comestibles
 f - 42 rations


   Skills:
 O Level 27 Fighting
 + Level 21.0(23.4) Axes
 + Level 16.4(19.5) Polearms
 + Level 19.1 Crossbows
 - Level 16.0 Throwing
 O Level 27 Armour
 * Level 19.9 Dodging
   Level 5.0 Shields
 - Level 16.0 Invocations
 - Level 4.0 Evocations


You had 26 spell levels left.
You didn't know any spells.
Your spell library contained the following spells:

 Spells                   Type           Power        Failure   Level  Hunger
 Apportation              Tloc           #.....       96%         1    ##.....
 Beastly Appendage        Tmut           #.....       96%         1    ##.....
 Corona                   Hex            #......      96%         1    ##.....
 Foxfire                  Conj/Fire      #...         96%         1    ##.....
 Freeze                   Ice            #...         96%         1    ##.....
 Magic Dart               Conj           #...         96%         1    ##.....
 Shock                    Conj/Air       #...         96%         1    ##.....
 Sting                    Tmut/Pois      #...         96%         1    ##.....
 Summon Butterflies       Summ           #.......     96%         1    ##.....
 Blink                    Tloc           N/A          99%         2    ###....
 Call Imp                 Summ           #.......     99%         2    ###....
 Ensorcelled Hibernation  Hex/Ice        #.....       99%         2    ###....
 Passwall                 Tmut/Erth      #.......     99%         2    ###....
 Poisonous Vapours        Pois/Air       #.....       99%         2    ###....
 Searing Ray              Conj           #.....       99%         2    ###....
 Shroud of Golubria       Chrm/Tloc      #.....       99%         2    ###....
 Slow                     Hex            #.......     99%         2    ###....
 Sticks to Snakes         Tmut           #.......     99%         2    ###....
 Sublimation of Blood     Necr           #.........   99%         2    ###....
 Swiftness                Chrm/Air       #.......     99%         2    ###....
 Call Canine Familiar     Summ           #.......     100%        3    ####...
 Confusing Touch          Hex            #.......     100%        3    ####...
 Conjure Flame            Conj/Fire      #.......     100%        3    ####...
 Dazzling Flash           Conj/Hex       #.....       100%        3    ####...
 Frozen Ramparts          Ice            #.....       100%        3    ####...
 Gell's Gravitas          Tloc           #.........   100%        3    ####...
 Ignite Poison            Fire/Tmut/Pois #.......     100%        3    ####...
 Inner Flame              Hex/Fire       #.......     100%        3    ####...
 Lesser Beckoning         Tloc           #.........   100%        3    ####...
 Mephitic Cloud           Conj/Pois/Air  #.......     100%        3    ####...
 Ozocubu's Armour         Chrm/Ice       #.......     100%        3    ####...
 Portal Projectile        Hex/Tloc       #.....       100%        3    ####...
 Spider Form              Tmut/Pois      #.........   100%        3    ####...
 Static Discharge         Conj/Air       #.......     100%        3    ####...
 Stone Arrow              Conj/Erth      #.....       100%        3    ####...
 Teleport Other           Tloc           #.......     100%        3    ####...
 Tukima's Dance           Hex            #.......     100%        3    ####...
 Airstrike                Air            #.........   100%        4    #####..
 Cause Fear               Hex            #.........   100%        4    #####..
 Fulminant Prism          Conj/Hex       #.........   100%        4    #####..
 Hailstorm                Conj/Ice       #.......     100%        4    #####..
 Ice Form                 Ice/Tmut       #.......     100%        4    #####..
 Iskenderun's Mystic Bla  Conj/Tloc      #.......     100%        4    #####..
 Leda's Liquefaction      Hex/Erth       #.........   100%        4    #####..
 Olgreb's Toxic Radiance  Pois           #.......     100%        4    #####..
 Petrify                  Tmut/Erth      #.......     100%        4    #####..
 Summon Ice Beast         Ice/Summ       #.......     100%        4    #####..
 Alistair's Intoxication  Tmut/Pois      #.......     100%        5    ######.
 Blade Hands              Tmut           #.........   100%        5    ######.
 Bolt of Magma            Conj/Fire/Erth #.........   100%        5    ######.
 Irradiate                Conj/Tmut      #.........   100%        5    ######.
 Iskenderun's Battlesphe  Conj/Chrm      #.......     100%        5    ######.
 Lee's Rapid Deconstruct  Erth           #.........   100%        5    ######.
 Lightning Bolt           Conj/Air       #.........   100%        5    ######.
 Metabolic Englaciation   Hex/Ice        #.........   100%        5    ######.
 Summon Forest            Summ/Tloc      #.........   100%        5    ######.
 Summon Mana Viper        Hex/Summ       #.......     100%        5    ######.
 Yara's Violent Unravell  Hex/Tmut       #.........   100%        5    ######.
 Darkness                 Hex            #.........   100%        6    #######
 Dispersal                Tloc           #.........   100%        6    #######
 Eringya's Noxious Bog    Tmut/Pois      #.........   100%        6    #######
 Freezing Cloud           Conj/Ice/Air   #.........   100%        6    #######
 Hydra Form               Tmut           #.........   100%        6    #######
 Invisibility             Hex            #.......     100%        6    #######
 Iron Shot                Conj/Erth      #.........   100%        6    #######
 Ozocubu's Refrigeration  Ice            #.........   100%        6    #######
 Simulacrum               Ice/Necr       #.........   100%        6    #######
 Statue Form              Tmut/Erth      #........    100%        6    #######
 Dragon Form              Tmut           #.........   100%        7    #######
 Orb of Destruction       Conj           #.........   100%        7    #######
 Ring of Flames           Chrm/Fire      #.........   100%        7    #######
 Spellforged Servitor     Conj/Summ      #.........   100%        7    #######
 Summon Hydra             Summ           #.........   100%        7    #######
 Controlled Blink         Tloc           N/A          100%        8    #######
 Disjunction              Tloc           #.........   100%        8    #######
 Shatter                  Erth           #.........   100%        9    #######
 Passage of Golubria      Tloc           Unusable     N/A         4    N/A

Dungeon Overview and Level Annotations

Branches:
Dungeon (15/15)            Temple (1/1) D:6            Lair (6/6) D:9
  Swamp (4/4) Lair:4       Spider (4/4) Lair:4        Slime (5/5) Lair:5
    Orc (2/2) D:11            Elf (3/3) Orc:2        Vaults (5/5) D:13
  Crypt (3/3) Vaults:2       Tomb (0/3) Crypt:3      Depths (5/5) D:15
    Zot (5/5) Depths:5    Gauntlet (visited)

Altars:
Ashenzari
Cheibriados
Dithmenos
Elyvilon
Fedhas
Gozag
Hepliaklqana
Kikubaaqudgha
Makhleb
Nemelex Xobeh
Okawaru
Qazlal
Ru
Sif Muna
Trog
Uskayaw
Vehumet
Wu Jian
Xom
Yredelemnul
Zin
The Shining One
Beogh
Jiyva

Shops:
D:7 ?   D:8 %   D:11 [   D:14 [}!%   Orc:2 [*!(:   Elf:3 =([[(   Vaults:2 [
Vaults:5 }=*:%=??   Zot:3 **   Depths:2 %   Depths:5 [[

Portals:
Hell: Depths:1 Depths:2 Depths:3 Depths:4 Depths:5
Abyss: Depths:2 Depths:3 Depths:4
Pandemonium: Depths:2 Depths:3 Depths:4
Ziggurat: Depths:3

Annotations:
Spider:3 3 runed translucent doors, DeepDeath's ghost, adept DrFi
Crypt:1 3 runed translucent doors, DeepDeath's ghost, veteran OpAs


Innate Abilities, Weirdness & Mutations

You have a pair of small horns on your head.
You are partially covered in iridescent scales. (AC +2)
Scrolls take you longer to read.
Your body often deteriorates upon taking damage.
You occasionally shout uncontrollably at your foes.
Potions are less effective at restoring your health.
You expend magic power (3 MP) to strengthen your wands.


Message History

Unknown command.
You feel sick.
You feel sick.
There is a stone staircase leading up here.
Your system partially rejects the healing.
You feel better.
You climb upwards.
There is a stone staircase leading down here.
Your protection from physical attacks is fading.
You see here a +0 short sword.
There is a stone staircase leading up here.
You climb upwards.
There is a stone staircase leading down here.
You feel less protected from physical attacks.
Your extra speed is starting to run out.
You feel yourself slow down.
You start to feel less resistant.
Your resistance to elements expires.
There is a staircase leading out of the dungeon here.
You have escaped!

............###.##
##.......## ##
.[........####..#
##.........## #
..........#
##.####...........###
..........#
#..###......#......##
..........#
#.###......###......#
..........###.##......##
##......
..........[.#.#..°○..##
##.....
.##########.#...§.§.##
##.... .# #.....@..##
##..> .# ###.°.....##
##.... .# #.#☼.....##
##..... .# #.##......##
##...... .#
#.###......###......# .#
#..###......#......##
.#######
#####.####...........###
.......# #...#..#
##.........## # .......#
#...##.## ##.......## ##


There were no monsters in sight!

Vanquished Creatures
  Dissolution (Slime:2)
  the Royal Jelly (Slime:5)
  Tiamat (Zot:4)
  13 orbs of fire (Zot:5)
  3 ancient liches (Zot:5)
  Khufu (Crypt:1)
  The ghost of Pongem the Conqueror, a legendary MiAK of Lugonu (Zot:3)
  A juggernaut (Depths:3)
  A greater mummy (Crypt:1)
  Frederick (Depths:4)
  8 Killer Klowns (Zot:5)
  Margery (Crypt:3)
  Xtahua (Depths:5)
  2 curse toes
  12 golden dragons
  the Enchantress (Depths:4)
  2 bone dragons (Zot:2)
  3 profane servitors
  Arachne (Spider:2)
  2 electric golems
  18 tentacled monstrosities
  Jorgrun (Swamp:3)
  A Hell Sentinel (D:12)
  2 hellephants (Depths:1)
  A shard shrike skeleton (Crypt:3)
  3 liches
  Rupert (D:13)
  25 Orb Guardians (Zot:5)
  3 deep elf blademasters
  9 titans
  2 deep elf master archers (Elf:3)
  9 quicksilver dragons
  27 acid blobs
  16 ancient champions
  2 thorn hunters
  13 death cobs
  2 Executioners
  Agnes (Spider:3)
  11 sphinxes
  16 storm dragons
  17 shadow dragons
  8 draconian monks
  12 fire giants
  4 tengu reavers
  4 revenants
  15 azure jellies
  10 deep elf sorcerers
  6 draconian knights
  10 ghost moths
  13 vault wardens
  An orc warlord (Orc:2)
  10 frost giants
  A cacodemon (D:5)
  10 draconian scorchers
  3 curse skulls
  2 iron dragons
  11 draconian shifters
  4 balrugs
  20 stone giants
  4 emperor scorpions
  14 ghouls
  A reaper (Depths:3)
  2 draconian annihilators
  4 draconian stormcallers
  15 ironheart preservers
  5 spriggan defenders (Depths:4)
  4 deep elf elementalists
  7 caustic shrike skeletons
  24 very ugly things
  11 deep elf demonologists
  10 green draconians
  7 vampire knights
  3 entropy weavers
  13 red draconians
  8 black draconians
  11 white draconians
  8 deep elf annihilators
  A minotaur (Gauntlet)
  22 purple draconians
  13 yellow draconians
  22 spark wasps
  Snorg (Lair:3)
  10 deep elf death magi
  2 mummy priests (Crypt:3)
  3 eidola (Crypt:2)
  8 death oozes
  2 green deaths (Swamp:4)
  20 jiangshi
  A crystal guardian (Vaults:4)
  17 ettins
  7 deep elf high priests
  3 merfolk impalers
  13 fire dragons
  A quicksilver dragon zombie (Crypt:3)
  18 yaktaur captains
  4 rakshasas
  6 ice dragons
  2 ghost crabs
  17 great orbs of eyes
  31 vault guards
  An anaconda (shapeshifter) (Vaults:5)
  7 spriggan air magi
  An anaconda (Depths:4)
  19 hydras
  A catoblepas (Lair:2)
  27 dancing weapons
  4 centaur warriors
  13 alligators
  35 two-headed ogres
  10 deep troll shamans
  A hell beast (Swamp:4)
  14 ogre magi
  7 death knights
  7 orc high priests
  13 spriggan berserkers
  18 death yaks
  10 tengu warriors
  A thrashing horror (Swamp:4)
  Urug (Orc:1)
  10 vampire magi
  16 hell knights
  A titan zombie (Crypt:3)
  8 deep troll earth magi
  48 spriggans
  3 sun demons
  29 deep elf knights
  4 iron trolls
  A sixfirhy (D:5)
  3 shadow wraiths
  36 skeletal warriors
  An entropy weaver zombie (Crypt:1)
  A glowing orange brain (Slime:5)
  4 unseen horrors
  A golden dragon zombie (Depths:1)
  11 spriggan druids
  A gelid demonspawn (Depths:3)
  8 swamp dragons
  15 deep trolls
  4 wizards
  7 flayed ghosts
  25 deep elf archers
  A torturous demonspawn (Depths:3)
  12 ironbrand convokers
  An orange crystal statue (Gauntlet)
  A golden dragon skeleton (Crypt:1)
  An obsidian statue (Zot:3)
  2 anaconda skeletons
  A lindwurm (Lair:6)
  Pikel (D:6)
  10 phantasmal warriors
  7 necromancers
  The ghost of Gadfly the Ruffian, a novice DrTm of the Shining One (D:8)
  4 harpies
  76 deep elf magi
  13 orc knights
  A mana viper (shapeshifter) (Depths:5)
  A wolf spider zombie (D:15)
  2 shadow dragon zombies
  A lindwurm (shapeshifter) (Vaults:4)
  7 orc sorcerers
  3 stone giant zombies
  41 wolf spiders
  21 orb spiders
  41 ugly things
  8 shining eyes
  5 draconians (Zot:2)
  13 manticores
  A salamander (D:15)
  2 sphinx skeletons
  A cyclops (shapeshifter) (D:15)
  5 elephants
  13 cyclopes
  21 moths of wrath
  3 centaur zombies
  A guardian serpent (shapeshifter) (Depths:3)
  14 vault sentinels
  2 water nymphs (shapeshifter)
  2 stone giant skeletons
  4 human skeletons
  11 black mambas
  Joseph (D:7)
  8 eyes of devastation
  An eye of devastation (shapeshifter) (Depths:2)
  A torpor snail (Spider:4)
  3 molten gargoyles (Lair:6)
  A spriggan skeleton (Depths:1)
  A gargoyle (D:11)
  5 kobold demonologists
  9 orange demons
  2 rime drakes
  17 spiny frogs
  18 demonic crawlers
  A tormentor (Depths:1)
  An efreet (D:13)
  2 hellions (Depths:1)
  A yaktaur (shapeshifter) (D:14)
  8 komodo dragons
  7 freezing wraiths
  52 yaktaurs
  A death yak skeleton (Crypt:2)
  An ice devil (Gauntlet)
  A minotaur skeleton (Crypt:1)
  4 guardian mummies
  35 jumping spiders
  8 trolls
  9 tengu conjurers
  2 yaktaur skeletons
  A meliai (shapeshifter) (Depths:4)
  14 tyrant leeches
  5 polar bears
  A merfolk (shapeshifter) (Vaults:5)
  A shadow dragon simulacrum (Depths:1)
  2 slime creatures (shapeshifter)
  7 meliai
  2 dream sheep (shapeshifter)
  28 hornets
  15 blink frogs
  A death drake skeleton (Crypt:1)
  A meliai zombie (D:14)
  A hydra skeleton (Crypt:1)
  A frost giant simulacrum (Crypt:3)
  7 dream sheep
  A snapping turtle (shapeshifter) (Vaults:5)
  2 fire giant simulacra
  12 bog bodies
  108 slime creatures
  Sigmund (D:5)
  A stone giant simulacrum (Vaults:2)
  An ettin skeleton (Crypt:3)
  6 flying skulls (Crypt:1)
  10 hippogriffs
  3 shadows
  2 air elementals
  39 tarantellas
  A redback (shapeshifter) (Depths:3)
  A fire dragon skeleton (Crypt:3)
  61 redbacks
  12 wraiths
  2 yaks (shapeshifter)
  47 yaks
  A tarantella (shapeshifter) (Depths:2)
  4 wyverns
  2 ushabtiu (Crypt:3)
  A vampire (D:9)
  A spriggan (shapeshifter) (Elf:3)
  4 basilisks
  A neqoxec (D:7)
  8 water elementals
  3 fire elementals
  2 steam dragons
  18 golden eyes
  23 vampire mosquitoes
  5 hungry ghosts
  20 swamp worms
  2 acid dragons
  9 water moccasins
  3 insubstantial wisps (Swamp:4)
  6 wargs
  2 deep troll zombies (Crypt:3)
  An acid dragon (shapeshifter) (Vaults:3)
  A monstrous demonspawn skeleton (Crypt:2)
  9 hell hounds
  3 sky beasts
  A torturous demonspawn skeleton (Crypt:1)
  9 large abominations
  An infernal demonspawn skeleton (Crypt:1)
  4 porcupines
  43 orc warriors
  An orc zombie (Vaults:1)
  7 black bears
  A blink frog zombie (Crypt:1)
  A floating eye (shapeshifter) (D:13)
  6 swamp drakes
  6 ice beasts
  14 wolves
  8 eyes of draining
  2 slaves
  14 necrophages
  3 phantoms
  24 ogres
  The ghost of Gadfly the Charmwright, an amateur BaSk (D:4)
  8 boggarts
  3 ettin simulacra
  7 centaurs
  11 crocodiles
  2 lindwurm skeletons (Crypt:3)
  5 human zombies
  7 big kobolds
  A draconian zombie (Crypt:3)
  24 bullfrogs
  8 small abominations
  2 earth elementals (Elf:3)
  A gnoll sergeant (D:11)
  An elf skeleton (Crypt:3)
  9 scorpions
  16 killer bees
  A warg skeleton (Crypt:2)
  2 human simulacra
  6 howler monkeys
  11 wights
  4 electric eels
  5 lava snakes (Lair:6)
  2 crimson imps
  7 bullfrog zombies
  A quasit (Depths:3)
  8 hounds
  3 jellies
  17 orc priests
  33 orc wizards
  A centaur skeleton (D:5)
  3 iron imps (Depths:3)
  2 bullfrog skeletons
  4 iguanas
  6 worker ants
  4 hell rats
  A crocodile zombie (Crypt:2)
  A deep dwarf skeleton (Crypt:2)
  An acid dragon skeleton (Crypt:1)
  A hound zombie (D:7)
  A tengu skeleton (Crypt:3)
  6 mummies (Crypt:1)
  A howler monkey zombie (D:5)
  6 gnolls
  13 adders
  7 shadow imps
  4 white imps
  An ooze (D:3)
  An adder skeleton (D:2)
  An adder zombie (D:2)
  5 worms
  2 dart slugs (D:1)
  7 leopard geckos
  82 orcs
  2 ball pythons (D:4)
  A bat skeleton (D:2)
  A bat zombie (Crypt:2)
  8 giant cockroaches
  15 goblins
  10 hobgoblins
  12 jackals
  7 quokkas
  A ball python skeleton (D:4)
  9 bats
  11 frilled lizards
  A jackal skeleton (D:4)
  17 kobolds
  A quokka skeleton (Crypt:1)
  11 rats
  A river rat zombie (Crypt:3)
  2 bushes (Depths:4)
  6 crawling corpses
  3 plants
2895 creatures vanquished.

Vanquished Creatures (collateral kills)
  3 acid blobs (Slime:5)
  2 death oozes (Slime:5)
  A yaktaur captain (Vaults:5)
  2 vault guards (Vaults:5)
  An ice dragon (Vaults:5)
  A death knight (Vaults:5)
  A deep troll (Vaults:3)
  An orc knight (Orc:2)
  A shining eye (Slime:1)
  An orb spider (shapeshifter) (Vaults:5)
  A troll (Orc:2)
  A slime creature (Slime:1)
  2 orc warriors (Orc:2)
  An orc priest (Orc:2)
  3 orc wizards (Orc:2)
  6 orcs
28 creatures vanquished.

Vanquished Creatures (others)
  A shadow dragon (Vaults:5)
  A storm dragon (Vaults:5)
  2 fire giants (Vaults:5)
  A deep elf sorcerer (Vaults:5)
  A draconian knight (Zot:4)
  2 vault wardens (Vaults:5)
  An ironheart preserver (Vaults:5)
  A war gargoyle (Vaults:5)
  2 vampire knights (Depths:1)
  A deep elf death mage (Crypt:3)
  A yaktaur captain (Vaults:5)
  4 vault guards (Vaults:5)
  An ogre mage (Vaults:4)
  An ironbrand convoker (Vaults:5)
  An orc knight (Vaults:5)
  An orb spider (Spider:4)
  A vault sentinel (Vaults:5)
  A rime drake (Lair:5)
  2 yaktaurs
  A jumping spider (Spider:4)
  A boggart (Vaults:1)
  2 orcs (Vaults:5)
  A demonic plant (Gauntlet)
  5 fungi
  11 plants
  22 withered plants (Gauntlet)
69 creatures vanquished.

Grand Total: 2992 creatures vanquished

Notes
Turn   | Place    | Note
-------+----------+-------------------------------------------
     0 | D:1      | DeepDeath the Hill Orc Fighter began the quest for the Orb.
     0 | D:1      | Reached XP level 1. HP: 19/19 MP: 1/1
   107 | D:1      | Reached XP level 2. HP: 24/26 MP: 2/2
   291 | D:1      | Reached XP level 3. HP: 28/31 MP: 3/3
   482 | D:1      | Reached skill level 5 in Axes
   979 | D:2      | Reached XP level 4. HP: 31/39 MP: 4/4
  1735 | D:2      | Found a faded altar of an unknown god.
  2281 | D:3      | Reached XP level 5. HP: 36/45 MP: 5/5
  2588 | D:3      | Noticed a phantom
  2610 | D:3      | Killed a phantom
  2610 | D:3      | Reached XP level 6. HP: 31/51 MP: 6/6
  2875 | D:3      | Found a sparkling altar of Nemelex Xobeh.
  2947 | D:4      | Found a snail-covered altar of Cheibriados.
  3077 | D:4      | Found a transporter.
  3078 | D:4      | Found a transporter.
  3078 | D:4      | Noticed Gadfly's ghost (amateur BaSk)
  3934 | D:5      | Entered Level 5 of the Dungeon
  3953 | D:5      | Noticed Sigmund
  3969 | D:5      | Killed Sigmund
  3969 | D:5      | Reached skill level 10 in Axes
  3969 | D:5      | Reached XP level 7. HP: 47/58 MP: 7/7
  4157 | D:5      | Reached skill level 1 in Throwing
  4157 | D:5      | Reached skill level 1 in Evocations
  4199 | D:5      | Reached skill level 1 in Dodging
  4608 | D:5      | Reached XP level 8. HP: 31/66 MP: 7/9
  5402 | D:6      | Found a hazy altar of Hepliaklqana.
  5403 | D:6      | Found a burning altar of Makhleb.
  5716 | D:6      | Found a bloodstained altar of Trog.
  5804 | D:6      | Noticed Pikel
  5812 | D:6      | Killed Pikel
  5812 | D:6      | Reached skill level 5 in Fighting
  5812 | D:6      | Reached skill level 5 in Armour
  5812 | D:6      | Reached XP level 9. HP: 59/74 MP: 10/10
  5991 | D:6      | Found a staircase to the Ecumenical Temple.
  6000 | Temple   | Entered the Ecumenical Temple
  6400 | Temple   | Became a worshipper of Qazlal Stormbringer
  6504 | D:7      | Found Yklaimoe's Magic Scroll Emporium.
  6507 | D:7      | Bought a scroll of magic mapping for 42 gold pieces
  6507 | D:7      | Bought a scroll of fog for 24 gold pieces
  6507 | D:7      | Bought a scroll of identify for 24 gold pieces
  6507 | D:7      | Bought a scroll of identify for 24 gold pieces
  6507 | D:7      | Bought a scroll of identify for 24 gold pieces
  6507 | D:7      | Bought a scroll of teleportation for 36 gold pieces
  6679 | D:7      | Reached skill level 1 in Invocations
  6781 | D:7      | Found a snail-covered altar of Cheibriados.
  7145 | D:7      | Noticed Joseph
  7183 | D:7      | Killed Joseph
  8093 | D:7      | Bought a scroll of identify for 24 gold pieces
  8093 | D:7      | Bought a scroll of identify for 24 gold pieces
  8093 | D:7      | Bought a scroll of identify for 24 gold pieces
  8159 | D:8      | Found a basalt altar of Yredelemnul.
  8242 | D:8      | Found a white marble altar of Elyvilon.
  8246 | D:8      | Got a bone demon trident
  8255 | D:8      | Identified the +7 demon trident of the Singing Jester
                  | {vorpal, rC+++ Dex+7} (You found it on level 8 of the
                  | Dungeon)
  8283 | D:8      | Noticed Gadfly's ghost (novice DrTm)
  8283 | D:8      | Noticed a cyclops
  8286 | D:8      | Found a transporter.
  8332 | D:8      | Reached skill level 1 in Polearms
  8377 | D:8      | Found a shimmering altar of Xom.
  8467 | D:8      | Found Tuih's Food Emporium.
  8584 | D:8      | Found a transporter.
  8880 | D:9      | Reached XP level 10. HP: 83/84 MP: 11/11
  8951 | D:9      | Reached * piety under Qazlal
  9002 | D:9      | Noticed a two-headed ogre
  9009 | D:9      | Killed a two-headed ogre
  9233 | D:9      | Reached skill level 5 in Polearms
  9449 | D:9      | Noticed an elephant
  9468 | D:9      | Killed an elephant
  9566 | D:9      | Reached ** piety under Qazlal
  9574 | D:9      | Found a staircase to the Lair.
  9617 | D:9      | Found a blossoming altar of Fedhas.
  9738 | D:9      | Reached XP level 11. HP: 78/92 MP: 12/12
 10422 | D:4      | Killed Gadfly's ghost
 10566 | D:8      | Killed Gadfly's ghost
 10568 | D:8      | Killed a cyclops
 10960 | D:10     | Entered Level 10 of the Dungeon
 11566 | D:10     | Noticed a two-headed ogre
 11585 | D:10     | Killed a two-headed ogre
 11585 | D:10     | Reached skill level 10 in Polearms
 11611 | D:10     | Got an ancient dagger
 11613 | D:10     | Identified the cursed +0 dagger "Vellum" {drain, rElec rC+
                  | Int+4 Dex-3} (You found it on level 10 of the Dungeon)
 11673 | Lair:1   | Entered Level 1 of the Lair of Beasts
 12078 | Lair:1   | Reached *** piety under Qazlal
 12707 | Lair:1   | Reached skill level 5 in Invocations
 12844 | Lair:2   | Found a gate leading to a gauntlet.
 12926 | Lair:2   | Reached XP level 12. HP: 62/101 MP: 15/15
 13020 | Gauntlet | Entered a Gauntlet
 13020 | Gauntlet | Found a transporter.
 13028 | Gauntlet | Found a transporter.
 13030 | Gauntlet | Found a transporter.
 13032 | Gauntlet | Found a transporter.
 13041 | Gauntlet | Found a transporter.
 13056 | Gauntlet | Found a transporter.
 13063 | Gauntlet | Found a transporter.
 13080 | Gauntlet | Found a transporter.
 13099 | Gauntlet | Found a transporter.
 13108 | Gauntlet | Noticed a death yak
 13109 | Gauntlet | Noticed a death yak
 13110 | Gauntlet | Noticed a death yak
 13111 | Gauntlet | Found a transporter.
 13134 | Gauntlet | Found a transporter.
 13139 | Gauntlet | Found a transporter.
 13157 | Gauntlet | Found a transporter.
 13162 | Gauntlet | Noticed a great orb of eyes
 13163 | Gauntlet | Found a transporter.
 13178 | Gauntlet | Found a transporter.
 13184 | Gauntlet | Found a transporter.
 13227 | Gauntlet | Found a transporter.
 13260 | Gauntlet | Found a transporter.
 13625 | Gauntlet | Got a shimmering turquoise ring
 13628 | Gauntlet | Identified the ring "Nitauce" {AC+4 Str+5} (You found it in
                  | a Gauntlet)
 13642 | Gauntlet | Identified the +3 arbalest "Waw Cec" {elec, +Fly rN+ Str+3
                  | Int+2}
 13642 | Gauntlet | Noticed a minotaur
 13652 | Gauntlet | Killed a minotaur
 13826 | Lair:2   | Noticed a catoblepas
 13837 | Lair:2   | Killed a catoblepas
 14370 | D:11     | Reached **** piety under Qazlal
 14395 | D:11     | Found a staircase to the Orcish Mines.
 14435 | D:11     | Reached skill level 5 in Shields
 14458 | D:11     | Found Uminkynt's Armour Emporium.
 14467 | D:11     | Bought a +3 chain mail of magic resistance for 344 gold
                  | pieces
 14690 | D:11     | Reached ***** piety under Qazlal
 15313 | D:11     | Identified a scroll of acquirement
 15314 | D:11     | Acquired the +3 pair of gauntlets of War {Slay+5}
 15315 | D:11     | Found the +3 pair of gauntlets of War {Slay+5}
 15386 | Orc:1    | Entered Level 1 of the Orcish Mines
 15431 | Orc:1    | Noticed an orc high priest
 15440 | Orc:1    | Reached skill level 5 in Dodging
 15445 | Orc:1    | Killed an orc high priest
 15504 | Orc:1    | Noticed an orc high priest
 15510 | Orc:1    | Killed an orc high priest
 15510 | Orc:1    | Reached XP level 13. HP: 103/113 MP: 18/18
 15522 | Orc:1    | Noticed Urug
 15526 | Orc:1    | Killed Urug
 15526 | Orc:1    | Reached skill level 10 in Fighting
 15753 | Orc:1    | Noticed an ettin
 15765 | Orc:1    | Killed an ettin
 15979 | Orc:2    | Entered Level 2 of the Orcish Mines
 15979 | Orc:2    | Found a staircase to the Elven Halls.
 15991 | Orc:2    | Reached skill level 10 in Armour
 16305 | Orc:1    | Reached ****** piety under Qazlal
 16460 | Orc:2    | Paralysed by an orc sorcerer for 6 turns
 16576 | Orc:2    | Found Idwiruf's Distillery.
 16579 | Orc:2    | Bought a potion of heal wounds for 70 gold pieces
 16602 | Orc:2    | Bought a potion of stabbing for 56 gold pieces
 16766 | Orc:2    | Found a roughly hewn altar of Beogh.
 16766 | Orc:2    | Noticed an orc warlord
 16798 | Orc:2    | Killed an orc warlord
 16968 | Orc:2    | Found Bipsuock's Antique Weapon Boutique.
 16987 | Orc:2    | Found Marat's Book Boutique.
 17010 | Orc:2    | Bought a runed trident for 221 gold pieces
 17010 | Orc:2    | Bought a fine battleaxe for 391 gold pieces
 17011 | Orc:2    | Identified the +7 battleaxe of Defenestration {vamp, Str+5}
                  | (You bought it in a shop on level 2 of the Orcish Mines)
 17046 | Orc:2    | Found Haerona's Antique Armour Boutique.
 17168 | Orc:2    | Found Xitan's General Store.
 17175 | Orc:2    | Bought a scroll of identify for 34 gold pieces
 17359 | D:11     | Bought a +4 chain mail of poison resistance for 370 gold
                  | pieces
 17533 | D:12     | Reached skill level 1 in Crossbows
 17918 | D:12     | Reached XP level 14. HP: 122/122 MP: 20/20
 18017 | D:12     | Reached skill level 5 in Throwing
 18535 | Lair:3   | Noticed Snorg
 18559 | Lair:3   | Killed Snorg
 19886 | Lair:4   | Found a staircase to the Swamp.
 19893 | Lair:4   | Found a hole to the Spider Nest.
 20418 | Lair:5   | Reached skill level 10 in Invocations
 20739 | Lair:5   | Found a runed translucent door.
 20785 | Lair:5   | Reached XP level 15. HP: 124/132 MP: 23/23
 20809 | Lair:5   | Found an ornate altar of the Wu Jian Council.
 21194 | Lair:5   | Found a viscous altar of Jiyva.
 21194 | Lair:5   | Found a staircase to the Slime Pits.
 21194 | Lair:5   | Noticed an azure jelly
 21376 | Lair:6   | Entered Level 6 of the Lair of Beasts
 22082 | Lair:6   | Found a large runed translucent door.
 22112 | Lair:6   | Found a large runed translucent door.
 23193 | D:13     | Found a gate to the Vaults.
 23358 | D:13     | Noticed Rupert
 23362 | D:13     | Paralysed by Rupert for 7 turns
 23392 | D:13     | Killed Rupert
 24168 | D:14     | Reached skill level 15 in Axes
 24178 | D:14     | Found Yhed's Armour Shop.
 24349 | D:14     | Reached XP level 16. HP: 143/143 MP: 25/25
 24399 | D:14     | Found Luele's Gadget Boutique.
 24847 | D:14     | Found Wemn's Distillery.
 24855 | D:14     | Bought a potion of might for 48 gold pieces
 24894 | D:14     | Found Luaduita's Food Shoppe.
 25180 | D:15     | Entered Level 15 of the Dungeon
 25661 | D:15     | Found a staircase to the Depths.
 26380 | D:14     | Bought a potion of heal wounds for 60 gold pieces
 26380 | D:14     | Bought 2 potions of heal wounds for 120 gold pieces
 26647 | Swamp:1  | Entered Level 1 of the Swamp
 26718 | Swamp:1  | Got a wavering bronze amulet
 26719 | Swamp:1  | Identified the amulet of Vaadgh {RegenMP *Corrode Str+3
                  | Slay+2 Stlth+} (You found it on level 1 of the Swamp)
 27657 | Swamp:2  | Reached skill level 5 in Crossbows
 28636 | Swamp:3  | Noticed Jorgrun
 28706 | Swamp:3  | Killed Jorgrun
 28735 | Swamp:3  | Found a transporter.
 29120 | Swamp:3  | Found a transporter.
 29502 | Swamp:4  | Entered Level 4 of the Swamp
 29503 | Swamp:4  | Noticed a thorn hunter
 29517 | Swamp:3  | Killed a thorn hunter
 29517 | Swamp:3  | Reached XP level 17. HP: 111/152 MP: 27/27
 30635 | Swamp:4  | Got a decaying rune of Zot
 30999 | Spider:1 | Entered Level 1 of the Spider Nest
 31547 | Spider:2 | Noticed Arachne
 31575 | Spider:2 | Killed Arachne
 31577 | Spider:2 | Reached XP level 18. HP: 162/162 MP: 28/28
 32368 | Spider:3 | Reached skill level 15 in Fighting
 32560 | Spider:3 | Found a runed translucent gate.
 32560 | Spider:3 | Found a runed translucent gate.
 32560 | Spider:3 | Found a runed translucent gate.
 32562 | Spider:3 | Noticed DeepDeath's ghost (adept DrFi)
 32672 | Spider:3 | Reached skill level 15 in Armour
 33369 | Spider:3 | Identified the +7 mace "Fudghesoxi" {vorpal, Int+6 Dex+4}
                  | (You found it on level 3 of the Spider Nest)
 33383 | Spider:4 | Entered Level 4 of the Spider Nest
 33503 | Spider:4 | Noticed Agnes
 33522 | Spider:3 | Killed Agnes
 33803 | Spider:4 | Reached skill level 10 in Crossbows
 35093 | Spider:4 | Got a gossamer rune of Zot
 35530 | D:14     | Bought a potion of haste for 120 gold pieces
 35530 | D:14     | Bought a potion of haste for 120 gold pieces
 35586 | Vaults:1 | Entered Level 1 of the Vaults
 35607 | Vaults:1 | Reached XP level 19. HP: 172/172 MP: 29/29
 36564 | Vaults:1 | Acquired a +1 vampiric executioner's axe
 37524 | Vaults:2 | Reached skill level 10 in Dodging
 37677 | Vaults:2 | Reached XP level 20. HP: 162/184 MP: 30/30
 37923 | Vaults:2 | Found a staircase to the Crypt.
 37945 | Vaults:2 | Found Enehit's Armour Shoppe.
 37950 | Vaults:2 | You fall into a shaft and drop 2 floors!
 38771 | Vaults:4 | Got a masterwork arbalest
 38773 | Vaults:4 | Identified the +5 arbalest "Olecw" {penet, rC+ Stlth+} (You
                  | found it on level 4 of the Vaults)
 39955 | Vaults:3 | Reached XP level 21. HP: 201/201 MP: 31/31
 41784 | Elf:1    | Entered Level 1 of the Elven Halls
 41993 | Elf:1    | Identified the Incunabulum of Attacks
 42712 | Elf:1    | Identified the +4 dire flail "Qewook" {speed, Fragile rC+
                  | rN+ Int+5} (You found it on level 1 of the Elven Halls)
 43422 | Elf:2    | Found a huge runed translucent gate.
 43422 | Elf:2    | Found a huge runed translucent gate.
 43422 | Elf:2    | Found a huge runed translucent gate.
 43422 | Elf:2    | Found a huge runed translucent gate.
 43424 | Elf:2    | Found a huge runed translucent gate.
 43475 | Elf:3    | Entered Level 3 of the Elven Halls
 43477 | Elf:3    | Found Fogaces's Antique Armour Emporium.
 43498 | Elf:3    | Found Beuc One's Weapon Emporium.
 43504 | Elf:3    | Bought a runed hat for 231 gold pieces
 43504 | Elf:3    | Bought a bloodstained chain mail for 313 gold pieces
 43504 | Elf:3    | Bought an embroidered scarf for 264 gold pieces
 43505 | Elf:3    | Identified the +5 chain mail "Sastril" {rElec Str+3 Int+2}
                  | (You bought it in a shop on level 3 of the Elven Halls)
 43917 | Elf:3    | Found Janasi's Antique Weapon Shoppe.
 43925 | Elf:3    | Bought a brightly glowing battleaxe for 310 gold pieces
 43926 | Elf:3    | Identified the +9 battleaxe "Nolon" {venom, *Corrode rPois
                  | rF+} (You bought it in a shop on level 3 of the Elven
                  | Halls)
 44183 | Elf:3    | Found Wyppao Cipe's Antique Armour Boutique.
 44191 | Elf:3    | Bought a glowing scarf for 248 gold pieces
 44283 | Elf:3    | Identified the +2 scimitar of the Ageing Boar {pain, +Fly
                  | rPois Int+3}
 44347 | Elf:3    | Reached XP level 22. HP: 190/215 MP: 32/32
 44595 | Elf:3    | Found Jyhola's Jewellery Shop.
 44822 | Elf:3    | Gained mutation: You are clumsy. (Dex -2) [a cacodemon]
 45025 | Elf:3    | Identified the ring of Yredelemnul's Envy {Wiz +Fly rF+++
                  | rC- Dex-3} (You found it on level 3 of the Elven Halls)
 45415 | Elf:3    | Bought a glowing helmet for 232 gold pieces
 46675 | Swamp:3  | Got a pitted glass ring
 46676 | Swamp:3  | Identified the ring "Kugeamul" {+Fly rElec} (You found it
                  | on level 3 of the Swamp)
 46685 | Swamp:3  | Got a scintillating ivory ring
 46686 | Swamp:3  | Identified the ring of Puirghut {rElec AC+4 Str+3} (You
                  | found it on level 3 of the Swamp)
 48313 | Depths:1 | Entered Level 1 of the Depths
 48383 | Depths:1 | Reached XP level 23. HP: 204/226 MP: 34/34
 48458 | Depths:1 | You fall into a shaft and drop 1 floor!
 48479 | Depths:2 | Reached skill level 15 in Invocations
 48707 | Depths:2 | Found a portal to a secret trove of treasure.
 48781 | Depths:2 | Found a gateway to Hell.
 48871 | Depths:2 | Found Watea's Food Emporium.
 48880 | Depths:2 | You fall into a shaft and drop 2 floors!
 49124 | Depths:4 | Noticed Frederick
 49144 | Depths:4 | Killed Frederick
 49314 | Depths:4 | Noticed the Enchantress
 49344 | Depths:4 | Killed the Enchantress
 49837 | Depths:4 | Found a one-way gate leading to the halls of Pandemonium.
 50064 | Depths:4 | Found a bloodstained altar of Trog.
 50087 | Depths:4 | Found a one-way gate to the infinite horrors of the Abyss.
 50201 | Depths:4 | Reached XP level 24. HP: 207/238 MP: 35/35
 51626 | Depths:2 | Identified the ring "Bukastroe" {*Tele Int+4 Dex-4 Stlth+}
 51742 | Depths:2 | Identified the +10 plate armour of Onuho {*Drain +Inv rC+}
                  | (You found it on level 2 of the Depths)
 51747 | Depths:2 | Identified the Grimoire of Helpful Shape Shifting
 52116 | Depths:2 | Identified the Incunabulum of Displacement
 52457 | Depths:1 | Found a huge runed gate.
 52457 | Depths:1 | Found a huge runed gate.
 52457 | Depths:1 | Found a huge runed gate.
 52457 | Depths:1 | Found a huge runed gate.
 52457 | Depths:1 | Found a huge runed gate.
 52457 | Depths:1 | Found a huge runed gate.
 52457 | Depths:1 | Found a huge runed gate.
 52457 | Depths:1 | Found a huge runed gate.
 52457 | Depths:1 | Found a huge runed gate.
 52457 | Depths:1 | Found a huge runed gate.
 52465 | Depths:1 | Found a huge runed gate.
 52465 | Depths:1 | Found a huge runed gate.
 52545 | Depths:1 | Found a huge runed gate.
 52546 | Depths:1 | Found a huge runed gate.
 52547 | Depths:1 | Found a huge runed gate.
 52548 | Depths:1 | Found a huge runed gate.
 52555 | Depths:1 | Found a huge runed gate.
 52555 | Depths:1 | Found a huge runed gate.
 52555 | Depths:1 | Found a huge runed gate.
 52555 | Depths:1 | Found a huge runed gate.
 52555 | Depths:1 | Found a huge runed gate.
 52555 | Depths:1 | Found a huge runed gate.
 52555 | Depths:1 | Found a huge runed gate.
 52556 | Depths:1 | Found a huge runed gate.
 52972 | Depths:1 | Found a runed translucent door.
 52976 | Depths:1 | Found a runed translucent door.
 53712 | Depths:3 | Found a gateway to a ziggurat.
 53886 | Depths:3 | Reached XP level 25. HP: 210/247 MP: 35/35
 54318 | Depths:3 | Found a runed translucent door.
 54318 | Depths:3 | Found a runed translucent door.
 54547 | Depths:3 | Noticed a juggernaut
 54551 | Depths:3 | Found a runed translucent door.
 54873 | Depths:3 | Found the +0 sword of Power
 54997 | Depths:3 | Killed a juggernaut
 55567 | Depths:5 | Entered Level 5 of the Depths
 55659 | Depths:5 | Found Zesaqem's Armour Emporium.
 55800 | Depths:5 | Noticed Xtahua
 55810 | Depths:5 | Killed Xtahua
 55997 | Depths:5 | Found a sacrificial altar of Ru.
 56245 | Depths:5 | Found a gate to the Realm of Zot.
 56454 | Depths:5 | Found Wosiskif's Antique Armour Emporium.
 56462 | Depths:5 | Bought a buzzing kite shield for 266 gold pieces
 56463 | Depths:5 | Identified the +5 kite shield of the Stallion {Regen+ rCorr
                  | Int+2} (You bought it in a shop on level 5 of the Depths)
 57466 | Elf:3    | Bought the ring "Fonnos" {*Corrode rPois rN+ MP+9 Str-2}
                  | for 443 gold pieces
 57774 | Crypt:1  | Entered Level 1 of the Crypt
 58031 | Crypt:1  | Reached XP level 26. HP: 258/262 MP: 35/35
 58119 | Crypt:1  | Found a runed translucent gate.
 58120 | Crypt:1  | Found a runed translucent gate.
 58120 | Crypt:1  | Noticed DeepDeath's ghost (veteran OpAs)
 58127 | Crypt:1  | Found a runed translucent gate.
 58189 | Crypt:1  | Noticed a greater mummy
 58191 | Crypt:1  | Noticed Khufu
 58205 | Crypt:1  | Killed a greater mummy
 58205 | Crypt:1  | Killed Khufu
 58611 | Crypt:1  | Found a basalt altar of Yredelemnul.
 59032 | Crypt:2  | Paralysed by a vampire knight for 4 turns
 59038 | Crypt:2  | Reached skill level 15 in Crossbows
 59575 | Crypt:2  | Found a radiant altar of Vehumet.
 59579 | Crypt:2  | Found a transporter.
 59881 | Crypt:3  | Entered Level 3 of the Crypt
 59881 | Crypt:3  | Noticed Margery
 59899 | Crypt:3  | Killed Margery
 59899 | Crypt:3  | Reached skill level 15 in Dodging
 60444 | Crypt:3  | Identified the +5 war axe of the Witching Badger {vorpal,
                  | rElec}
 60712 | Crypt:3  | Reached skill level 27 in Fighting
 61092 | Crypt:3  | Found a staircase to the Tomb.
 61650 | Crypt:3  | Reached XP level 27. HP: 207/273 MP: 35/35
 61887 | Crypt:3  | Found an ancient bone altar of Kikubaaqudgha.
 61893 | Crypt:3  | Found a basalt altar of Yredelemnul.
 61915 | Crypt:3  | Found the +4 dagger "Morg" {pain, MR+ Int+5}
 61991 | Crypt:3  | Got a twitching marble ring
 61991 | Crypt:3  | Got a glittering jade amulet
 61996 | Crypt:3  | Identified the ring of the Lizard {rN+ Int+5} (You found it
                  | on level 3 of the Crypt)
 61997 | Crypt:3  | Identified the amulet of Atheism {rElec rF+ Regen+} (You
                  | found it on level 3 of the Crypt)
 62000 | Crypt:3  | Identified the ring "Cagakheu" {rC+ rN+ Int+3} (You found
                  | it on level 3 of the Crypt)
 62081 | Crypt:3  | Found a basalt altar of Yredelemnul.
 62569 | Orc:2    | Bought a potion of haste for 140 gold pieces
 62601 | Orc:2    | Bought a potion of haste for 170 gold pieces
 63059 | Crypt:2  | Found a transporter.
 63411 | D:14     | Bought a potion of mutation for 96 gold pieces
 63693 | Slime:1  | Entered Level 1 of the Pits of Slime
 64927 | Slime:3  | Noticed Dissolution
 65009 | Slime:2  | Killed Dissolution
 66460 | Slime:5  | Entered Level 5 of the Pits of Slime
 66521 | Slime:5  | Gained mutation: You are dopey. (Int -2) [a shining eye]
 66522 | Slime:5  | Gained mutation: You are very clumsy. (Dex -4) [a shining
                  | eye]
 66624 | Slime:5  | Noticed the Royal Jelly
 66719 | Slime:4  | Lost mutation: You are dopey. (Int -2) [potion of mutation]
 66719 | Slime:4  | Lost mutation: You are very clumsy. (Dex -4) [potion of
                  | mutation]
 66719 | Slime:4  | Gained mutation: You are frail. (-10% HP) [potion of
                  | mutation]
 66719 | Slime:4  | Gained mutation: You occasionally shout uncontrollably at
                  | your foes. [potion of mutation]
 66719 | Slime:4  | Gained mutation: Your flesh is cold resistant. (rC+)
                  | [potion of mutation]
 66720 | Slime:4  | Lost mutation: You are clumsy. (Dex -2) [potion of
                  | mutation]
 66720 | Slime:4  | Lost mutation: You occasionally shout uncontrollably at
                  | your foes. [potion of mutation]
 66720 | Slime:4  | Lost mutation: You are frail. (-10% HP) [potion of
                  | mutation]
 66720 | Slime:4  | Gained mutation: Armour fits poorly on your strangely
                  | shaped body. [potion of mutation]
 66720 | Slime:4  | Gained mutation: You are resistant to electric shocks.
                  | (rElec) [potion of mutation]
 66720 | Slime:4  | Gained mutation: You are frail. (-10% HP) [potion of
                  | mutation]
 66720 | Slime:4  | Gained mutation: You are partially covered in slimy green
                  | scales. (AC +2) [potion of mutation]
 66733 | Slime:5  | Killed the Royal Jelly
 67053 | Slime:5  | Got a slimy rune of Zot
 67076 | Slime:5  | Identified the cursed +0 mace of Nettotol {flame, rC+ Int-5
                  | Dex+7 SInv} (You found it on level 5 of the Pits of Slime)
 67104 | Slime:5  | Got a transparent bronze ring
 67105 | Slime:5  | Identified the ring "Buby Rav" {rF++ rN+ Str-4 Dex+2 Slay+2
                  | Stlth-} (You found it on level 5 of the Pits of Slime)
 67124 | Slime:5  | Identified the cursed +2 battleaxe "Earthworm" {venom,
                  | rElec Str+2} (You found it on level 5 of the Pits of Slime)
 67172 | Slime:5  | Identified the cursed +1 quarterstaff "Suacesm" {venom,
                  | *Drain rC++ Int+8} (You found it on level 5 of the Pits of
                  | Slime)
 67180 | Slime:5  | Identified the cursed +1 scale mail of the Original Sin
                  | {rC+ MR+ Regen+ SInv} (You found it on level 5 of the Pits
                  | of Slime)
 67699 | Vaults:5 | Entered Level 5 of the Vaults
 67713 | Vaults:5 | Identified the +5 steam dragon scales of the Shining Light
                  | {+Fly rPois rF- Regen+}
 67732 | Vaults:5 | Reached skill level 10 in Throwing
 68095 | D:14     | Bought a potion of invisibility for 96 gold pieces
 68633 | Vaults:5 | Found Piorgh's Jewellery Shoppe.
 68633 | Vaults:5 | Found Zoihabru's Gadget Shoppe.
 68641 | Vaults:5 | Bought a wand of digging (3) for 252 gold pieces
 68652 | Vaults:5 | Got a silver rune of Zot
 68698 | Vaults:5 | Found Daus Ofo's General Store.
 68702 | Vaults:5 | Found Woek's Book Shoppe.
 68793 | Vaults:5 | Bought a potion of haste for 130 gold pieces
 68886 | Vaults:5 | Found Solitiz's Jewellery Shoppe.
 68964 | Vaults:5 | Found Wysiskin's Magic Scroll Boutique.
 69005 | Vaults:5 | Found Taasoq's Food Boutique.
 69088 | Vaults:5 | Found Peenoh Vebe's Magic Scroll Shop.
 69092 | Vaults:5 | Bought a scroll of identify for 22 gold pieces
 69587 | Vaults:5 | Bought a scroll of identify for 28 gold pieces
 69587 | Vaults:5 | Bought a scroll of identify for 28 gold pieces
 69587 | Vaults:5 | Bought a scroll of acquirement for 728 gold pieces
 69587 | Vaults:5 | Bought a scroll of summoning for 133 gold pieces
 69587 | Vaults:5 | Bought a scroll of enchant armour for 105 gold pieces
 69590 | Vaults:5 | Acquired 1240 gold pieces
 69637 | Vaults:5 | Bought the ring of Undoing {rPois rC+ rN++ Str-5 Int+4} for
                  | 847 gold pieces
 69681 | Vaults:5 | Bought a scroll of enchant weapon for 82 gold pieces
 69828 | Vaults:1 | Lost mutation: You are frail. (-10% HP) [potion of
                  | mutation]
 69828 | Vaults:1 | Lost mutation: Armour fits poorly on your strangely shaped
                  | body. [potion of mutation]
 69828 | Vaults:1 | Lost mutation: You are resistant to electric shocks.
                  | (rElec) [potion of mutation]
 69828 | Vaults:1 | Gained mutation: You tend to lose your temper in combat.
                  | [potion of mutation]
 69828 | Vaults:1 | Gained mutation: Your flesh is very cold resistant. (rC++)
                  | [potion of mutation]
 69828 | Vaults:1 | Gained mutation: You can translocate small distances at
                  | will. [potion of mutation]
 69828 | Vaults:1 | Gained mutation: You have an increased reservoir of magic.
                  | (+10% MP) [potion of mutation]
 69829 | Vaults:1 | Lost mutation: You tend to lose your temper in combat.
                  | [potion of mutation]
 69829 | Vaults:1 | Lost mutation: You can translocate small distances at will.
                  | [potion of mutation]
 69829 | Vaults:1 | Lost mutation: You are partially covered in slimy green
                  | scales. (AC +2) [potion of mutation]
 69829 | Vaults:1 | Lost mutation: Your flesh is very cold resistant. (rC++)
                  | [potion of mutation]
 69829 | Vaults:1 | Gained mutation: Your spells are a little harder to cast,
                  | but a little more powerful. [potion of mutation]
 69829 | Vaults:1 | Gained mutation: You expend magic power (3 MP) to
                  | strengthen your wands. [potion of mutation]
 70170 | Depths:2 | You paid a toll of +4 ice dragon scales to enter a treasure
                  | trove
 70171 | Trove    | Entered a treasure trove
 70174 | Trove    | Found the +2 ratskin cloak {+Rats rPois rN+ Str-1 Int-1
                  | Dex+1}
 70181 | Trove    | Identified the +3 crystal plate armour of the Kangaroo
                  | {MR+} (You found it in a treasure trove)
 70186 | Trove    | Identified the +2 pair of boots of Xyutige {rElec Slay+2}
                  | (You found it in a treasure trove)
 70198 | Trove    | Identified the +1 chain mail of Orthodoxy {rF+ rC+} (You
                  | found it in a treasure trove)
 70743 | Zot:1    | Entered Level 1 of the Realm of Zot
 73757 | Zot:3    | Found a runed translucent gate.
 73761 | Zot:3    | Found a runed translucent gate.
 73762 | Zot:3    | Found a runed translucent gate.
 73762 | Zot:3    | Found an opulent altar of Gozag.
 73762 | Zot:3    | Found Seddamaoh's Assorted Antiques.
 73762 | Zot:3    | Noticed Pongem's ghost (legendary MiAK)
 73763 | Zot:3    | Found Liez's Assorted Antiques.
 74127 | Zot:3    | Killed Pongem's ghost
 74172 | Zot:3    | Bought a runed helmet for 315 gold pieces
 74172 | Zot:3    | Bought a dazzling cloak for 399 gold pieces
 74174 | Zot:3    | Identified the +0 cloak of Nakk {+Inv rElec rCorr Dex-4}
                  | (You bought it in a shop on level 3 of the Realm of Zot)
 74860 | Zot:4    | Reached skill level 15 in Throwing
 75042 | Zot:4    | Identified the +4 dragonskin cloak
 75042 | Zot:4    | Noticed Tiamat
 75076 | Zot:4    | Killed Tiamat
 75651 | Zot:5    | Entered Level 5 of the Realm of Zot
 75678 | Zot:5    | Noticed an orb of fire
 75679 | Zot:5    | Noticed an orb of fire
 75704 | Zot:5    | Gained mutation: Scrolls take you a little longer to read.
                  | [an orb of fire]
 75705 | Zot:5    | Killed an orb of fire
 75705 | Zot:5    | Reached skill level 27 in Armour
 75725 | Zot:5    | Killed an orb of fire
 76273 | Zot:5    | Noticed an ancient lich
 76287 | Zot:5    | Killed an ancient lich
 76322 | Zot:5    | Noticed an orb of fire
 76325 | Zot:5    | Gained mutation: Potions are less effective at restoring
                  | your health. [an orb of fire]
 76328 | Zot:5    | Killed an orb of fire
 76415 | Zot:5    | Noticed an orb of fire
 76416 | Zot:5    | Noticed an orb of fire
 76417 | Zot:5    | Noticed an orb of fire
 76418 | Zot:5    | Lost mutation: Potions are less effective at restoring your
                  | health. [an orb of fire]
 76418 | Zot:5    | Gained mutation: You are clumsy. (Dex -2) [an orb of fire]
 76427 | Zot:5    | Killed an orb of fire
 76427 | Zot:5    | Reached skill level 15 in Polearms
 76432 | Zot:5    | Gained mutation: Armour fits poorly on your strangely
                  | shaped body. [an orb of fire]
 76441 | Zot:5    | Gained mutation: You are weak. (Str -2) [an orb of fire]
 76461 | Zot:5    | Gained mutation: Scrolls take you longer to read. [an orb
                  | of fire]
 76464 | Zot:5    | Killed an orb of fire
 76464 | Zot:5    | Gained mutation: Your body sometimes deteriorates upon
                  | taking damage. [an orb of fire]
 76476 | Zot:5    | Killed an orb of fire
 76650 | Zot:5    | Noticed an ancient lich
 76659 | Zot:5    | Killed an ancient lich
 76747 | Zot:5    | Noticed an ancient lich
 76757 | Zot:5    | Noticed an orb of fire
 76765 | Zot:5    | Lost mutation: Your spells are a little harder to cast, but
                  | a little more powerful. [an orb of fire]
 76771 | Zot:5    | Killed an ancient lich
 76772 | Zot:5    | Killed an orb of fire
 76979 | Zot:5    | Noticed an orb of fire
 77212 | Zot:5    | Noticed an orb of fire
 77220 | Zot:5    | Gained mutation: You are frail. (-10% HP) [an orb of fire]
 77222 | Zot:5    | Killed an orb of fire
 77247 | Zot:5    | Noticed an orb of fire
 77252 | Zot:5    | Noticed an orb of fire
 77254 | Zot:5    | Noticed an orb of fire
 77260 | Zot:5    | Noticed an orb of fire
 77264 | Zot:5    | Gained mutation: Your body often deteriorates upon taking
                  | damage. [an orb of fire]
 77272 | Zot:5    | Lost mutation: You have an increased reservoir of magic.
                  | (+10% MP) [an orb of fire]
 77275 | Zot:5    | Gained mutation: You are very frail. (-20% HP) [an orb of
                  | fire]
 77276 | Zot:5    | Gained mutation: Your movements are slightly less
                  | encumbered by armour. (ER -2) [an orb of fire]
 77276 | Zot:5    | Gained mutation: Scrolls take you much longer to read. [an
                  | orb of fire]
 77277 | Zot:5    | Killed an orb of fire
 77277 | Zot:5    | Gained mutation: You are very weak. (Str -4) [an orb of
                  | fire]
 77279 | Zot:5    | Lost mutation: You are very frail. (-20% HP) [an orb of
                  | fire]
 77280 | Zot:5    | Killed an orb of fire
 77281 | Zot:5    | Gained mutation: Potions are less effective at restoring
                  | your health. [an orb of fire]
 77282 | Zot:5    | Gained mutation: Your spells are a little easier to cast,
                  | but a little less powerful. [an orb of fire]
 77283 | Zot:5    | Lost mutation: Your movements are slightly less encumbered
                  | by armour. (ER -2) [an orb of fire]
 77289 | Zot:5    | Killed an orb of fire
 77293 | Zot:5    | Killed an orb of fire
 77301 | Zot:5    | Killed an orb of fire
 77305 | Zot:5    | Lost mutation: Scrolls take you much longer to read.
                  | [potion of mutation]
 77305 | Zot:5    | Lost mutation: You are very weak. (Str -4) [potion of
                  | mutation]
 77305 | Zot:5    | Lost mutation: You are clumsy. (Dex -2) [potion of
                  | mutation]
 77305 | Zot:5    | Lost mutation: You are weak. (Str -2) [potion of mutation]
 77450 | Zot:5    | Paralysed by a Zot trap for 5 turns
 77613 | Zot:5    | Lost mutation: Your flesh is cold resistant. (rC+) [potion
                  | of mutation]
 77613 | Zot:5    | Lost mutation: You are frail. (-10% HP) [potion of
                  | mutation]
 77613 | Zot:5    | Lost mutation: Armour fits poorly on your strangely shaped
                  | body. [potion of mutation]
 77613 | Zot:5    | Lost mutation: Your spells are a little easier to cast, but
                  | a little less powerful. [potion of mutation]
 77613 | Zot:5    | Gained mutation: You are partially covered in iridescent
                  | scales. (AC +2) [potion of mutation]
 77613 | Zot:5    | Gained mutation: You have a pair of small horns on your
                  | head. [potion of mutation]
 77747 | Zot:3    | Bought a scroll of acquirement for 2184 gold pieces
 77750 | Zot:3    | Acquired the ring of Circularity {rF+ rN++ MR+}
 78549 | Orc:2    | Bought a potion of invisibility for 112 gold pieces
 78972 | Zot:3    | Bought a potion of invisibility for 280 gold pieces
 79120 | Zot:5    | Got the Orb of Zot
 79633 | D:5      | Gained mutation: You occasionally shout uncontrollably at
                  | your foes. [a cacodemon]
 79647 | D:5      | Found an iron altar of Okawaru.
 79686 | D:4      | Noticed Eteuw the pandemonium lord
 79693 | D:4      | Noticed Genwoi the pandemonium lord
 79748 | D:$      | Escaped with the Orb!

Illustrated notes

Levels and vault maps discovered:
D:1:      dpeg_arrival_central, layout_basic, palyth_stone_intersect
D:2:      layout_basic, serial_undead, serial_undead_c, serial_undead_b,
          serial_undead_c, serial_undead_a, serial_undead_b, serial_undead_a,
          chequers_ecumenical_altar_grove
D:3:      layout_rooms, marbit_many_paths
D:4:      layout_layer_cave, first_ration, gammafunk_ghost_arena, dk_vineyard_2,
          cheibriados_altar_1
D:5:      layout_basic, nicolae_overflow_hidden_temple, uniq_sigmund
D:6:      layout_basic, lemuel_doored_altar,
          chequers_temple_overflow_statue_of_worship,
          minmay_temple_entry_poolview, uniq_pikel
D:7:      layout_layer_cave, lemuel_round_altar, serial_shops, shop, uniq_joseph
D:8:      layout_loops_ring, overflow_temple_1_default, kennysheep_ying_yang,
          serial_shops, shop, gammafunk_ghost_arena
D:9:      layout_layer_cave, fedhas_altar_2, david_lair_generic
D:10:     layout_gridville
D:11:     layout_loops_ring, orc_david_3
D:12:     layout_basic, hangedman_ranch [blue_anna_fruit_fields]
D:13:     layout_basic, hangedman_vaults_entry_quadrant_bands, uniq_rupert
D:14:     layout_layer_cave, serial_shops, shop, shop, shop,
          kennysheep_mini_moat
D:15:     hangedman_depths_entry_try_elsewhere_first, layout_gridville,
          nicolae_wwwww
Temple:   minmay_temple_forest_path
Lair:1:   beast_lair_carwin_large_3, layout_regular_city,
          infiniplex_staircase_pool, lemuel_fruit_fields, lemuel_fruit_fields
Lair:2:   layout_misc_corridors, gauntlet_entry_generic
Lair:3:   layout_loops_ring, st_stairs_7, uniq_snorg
Lair:4:   layout_long_grid, minmay_swamp_entry_worms,
          nicolae_spider_entry_tight_spaces, minivault_25
Lair:5:   layout_regular_city, slime_altar_2, basic_altar, serial_bayou_shore_a,
          grunt_megastairs_3, serial_bayou_shore_b
Lair:6:   cheibrodos_lair_end_hotspot, layout_gridlike, lemuel_fruit_fields
Swamp:1:  layout_falls_marsh, serial_swamp_ruin, evilmike_swamp_ruin_rubble_1,
          evilmike_swamp_ruin_house_3, evilmike_swamp_ruin_rubble_2
Swamp:2:  layout_falls_marsh, nicolae_swamp_round_clearing
Swamp:3:  gammafunk_its_a_trap, layout_basic_swamp, hangedman_swamp_ruin_wall,
          swamp_pool4, uniq_jorgrun
Swamp:4:  swamp_vile, layout_basic_swamp
Spider:1: layout_spider_delve
Spider:2: layout_spider_delve, einodemon_crawler_minivault, uniq_arachne
Spider:3: layout_spider_delve, ebering_ghost_rock_garden, nicolae_arachne_temple
Spider:4: spider_rune_water, nicolae_orb_island, uniq_agnes
Slime:1:  layout_caves
Slime:2:  layout_caves
Slime:3:  layout_caves, uniq_dissolution
Slime:4:  layout_caves
Slime:5
Orc:1:    layout_diamond_mine, uniq_urug
Orc:2:    grunt_orc_cross, layout_caves, serial_shops, nicolae_shop_behind_doors
Elf:1:    layout_loops_corners, minmay_elf_annihilation, solitary_fountain,
          nicolae_elf_glass_and_crystal_pillar_2
Elf:2:    layout_loops_cross
Elf:3:    elf_hall, layout_geoelf_grid, serial_shops, nicolae_shop_behind_doors,
          shop_fountains, nicolae_shop_crystal, shop, shop_fountains
Vaults:1: hangedman_vaults_cutoff, v_rooms_6, nicolae_vaults_mini_display_case,
          serial_ice_b, hangedman_vaults_stagger, v_misc_3,
          nicolae_vaults_network_barrier, ontoclasm_vaults_claustrophobia,
          layout_vaults_maze_snakey
Vaults:2: minmay_crypt_entry_simple_sparse, st_eye, v_misc_4, v_alt_pattern_4,
          nicolae_vaults_little_squares_2, nicolae_vaults_big_ls,
          nicolae_vaults_little_squares_2, layout_vaults_omnicross,
          serial_shops, shop
Vaults:3: vaults_room_stairs_pillars, v_misc_2, nicolae_vaults_triangles,
          nicolae_vaults_asterisk, v_misc_18, hangedman_vaults_locks,
          hangedman_vaults_corner_blocks, vaults_mumra_chevron_long,
          v_pattern_4, vaults_room_door_hall, ontoclasm_vaults_ligature,
          vaults_room_semicircle, layout_vaults_ring
Vaults:4: v_rooms_1, nicolae_vaults_network_star, grunt_vaults_hallway_short,
          vaults_room_door_ring, nicolae_vaults_yaktaur_gun_rack,
          layout_vaults_omnigrid
Vaults:5: serial_shops
Crypt:1:  layout_basic, basic_altar, ebering_ghost_rock_garden,
          grunt_crypt_arrival_guarded_gate, uniq_khufu
Crypt:2:  gammafunk_sealed_library, layout_regular_city, fountainhead,
          glass_columns_a
Crypt:3:  lightli_unholy_cathedral, layout_chaotic_city,
          tomb_entry_forgotten_bobbens, basic_altar, uniq_margery
Depths:1: minmay_expanding_circles, layout_cave_pools, special_room
          [special_room_mythical_zoo], hell_entry, minmay_misc_feat_square,
          minmay_misc_feat_secret_circle, serial_bayou_pond_d, st_stairs_4,
          not_door_vault_due, serial_bayou_shore_b
Depths:2: cheibrodos_leafed_vault, layout_cave_pools,
          chequers_serial_rivers_large_a, pan_entry, serial_shops,
          nicolae_shop_statue_plus, enter_trove_2,
          pf_vacation_house_of_asmodeus, hangedman_abyss_entry_splay,
          minmay_multi_spiral
Depths:3: minmay_the_grid_triangle_9x9_recursive_3
          [minmay_the_grid_triangle_9x9_limited_checkers,
          minmay_the_grid_triangle_9x9_warning,
          minmay_the_grid_triangle_9x9_impossible_snake,
          minmay_the_grid_triangle_9x9_prize_schism,
          minmay_the_grid_triangle_9x9_zippers_horizontal,
          minmay_the_grid_triangle_9x9_subtriangle,
          minmay_the_grid_triangle_9x9_pentomino_pain,
          minmay_the_grid_triangle_9x9_steps,
          minmay_the_grid_triangle_9x9_tough_junction], layout_honeycomb,
          enter_ziggurat_e, lightli_too_deep, grunt_pan_entry_zigzag,
          abyss_entry, serial_bayou_ford_a
Depths:4: spriggan_forest, hell_entry, pan_entry, abyss_entry, uniq_frederick
Depths:5: grunt_zot_entry_hairpin, layout_long_grid, hell_entry,
          minmay_misc_feat_alley, serial_shops, shop, nicolae_shop_crystal,
          kennysheep_flooded_box, chequers_jeans, uniq_xtahua
Zot:1:    layout_twisted_circle, skrybe_zot_glass_2
Zot:2:    ebering_greatest_show_in_zot, layout_concentric_octagons
Zot:3:    layout_twisted_circle, ebering_ghost_gozag
Zot:4:    layout_misc_corridors, uniq_tiamat
Zot:5:    layout_misc_corridors, drop_trap, skrybe_zot_glass_3

Skill      XL: |  1  2  3  4  5  6  7  8  9 10 11 12 13 14 15 16 17 18 19 20 21 22 23 24 25 26 27 |
---------------+----------------------------------------------------------------------------------+-----
Axes           | 3 4 5 6 8 10 12 13 15 17 21 | 21.0
Fighting       | 4 5 6 7 8 9 10 11 13 14 16 17 20 22 23 24 26 27 | 27.0
Throwing       | 1 2 4 6 7 8 16 | 16.0
Evocations     | 1 2 4 |  4.0
Dodging        | 1 2 3 4 5 6 8 10 11 12 13 14 15 19 | 19.9
Armour         | 5 6 7 8 12 13 14 15 16 17 19 22 27 | 27.0
Invocations    | 2 5 7 8 10 12 13 14 16 | 16.0
Polearms       | 3 8 11 12 13 14 16 | 16.4
Shields        | 4 5 |  5.0
Crossbows      | 1 4 7 9 10 12 14 17 19 | 19.1

Action                   |  1- 3 |  4- 6 |  7- 9 | 10-12 | 13-15 | 16-18 | 19-21 | 22-24 | 25-27 || total
-------------------------+-------+-------+-------+-------+-------+-------+-------+-------+-------++-------
Melee: War axe           |   123 |   214 |   245 |    24 |     5 |       |       |       |       ||   611
       Demon trident     |       |       |    44 |   537 |   277 |    45 |       |   338 |   378 ||  1619
       Halberd           |       |       |       |       |   637 |   301 |    78 |    10 |   120 ||  1146
       Battleaxe         |       |       |       |       |   130 |   554 |   800 |   505 |  1440 ||  3429
       Trident           |       |       |       |       |       |       |       |     8 |    72 ||    80
       Headbutt          |       |       |       |       |       |       |       |       |    21 ||    21
 Fire: Arbalest          |       |       |       |       |       |   271 |   318 |   403 |  1031 ||  2023
Throw: Dart              |       |       |    27 |    31 |    42 |     8 |       |       |       ||   108
       Throwing net      |       |       |       |       |     3 |       |       |       |     1 ||     4
       Javelin           |       |       |       |       |       |       |       |       |    36 ||    36
Invok: Upheaval          |       |       |       |     1 |     2 |       |       |       |     1 ||     4
       Elemental Force   |       |       |       |       |     6 |       |     2 |       |    10 ||    18
       Disaster Area     |       |       |       |       |       |       |       |     2 |     5 ||     7
Evoke: Wand              |       |       |     1 |     4 |     1 |       |     1 |     3 |    14 ||    24
       Tin of tremorston |       |       |       |       |     1 |       |       |       |       ||     1
  Use: Scroll            |       |     9 |    11 |     9 |    13 |     9 |    10 |     8 |    35 ||   104
       Potion            |       |     2 |     2 |     3 |     3 |     7 |     1 |     8 |    27 ||    53
 Stab: Sleeping          |       |     1 |     2 |     1 |       |       |       |     4 |    39 ||    47
       Invisible         |       |     1 |     2 |     1 |       |       |       |     2 |    10 ||    16
       Distracted        |       |       |       |       |     4 |     1 |     1 |       |       ||     6
       Held in net/web   |       |       |       |       |     1 |     1 |       |       |     2 ||     4
       Confused          |       |       |       |       |       |     2 |       |       |       ||     2
  Eat: Chunk             |       |     8 |     7 |    14 |    16 |    17 |    13 |    14 |     5 ||    94
       Ration            |       |     1 |     4 |     2 |     4 |     7 |     4 |     5 |    25 ||    52
Armor: Scale mail        |    83 |    33 |       |     5 |     1 |       |       |       |       ||   122
       Steam dragon scal |       |    49 |    63 |    90 |       |       |       |       |       ||   202
       Chain mail        |       |       |       |    10 |   301 |   837 |   278 |   478 |   164 ||  2068
       Acid dragon scale |       |       |       |       |       |       |       |       |   308 ||   308
       Crystal plate arm |       |       |       |       |       |       |       |       |   691 ||   691
       Gold dragon scale |       |       |       |       |       |       |       |       |   316 ||   316
Dodge: Dodged            |    79 |   125 |   116 |   151 |   278 |   560 |   353 |   520 |  1614 ||  3796
       Repelled          |       |       |       |     3 |    18 |    25 |    65 |    53 |   115 ||   279
Block: Kite shield       |    13 |       |       |       |       |       |       |       |       ||    13
       Other             |       |       |       |     6 |   176 |   378 |   259 |   316 |   807 ||  1942
       Buckler           |       |       |       |   109 |    56 |       |       |       |       ||   165
